 Dungeon Crawl Stone Soup version 0.19.0-19-g8c6edcc (webtiles) character file.

414 Monsterracer the Chopper (level 6, -1/55 HPs)
             Began as a Hill Orc Monk on Nov 13, 2016.
             Was a Priest of Okawaru.
             Slain by Eustachio
             ... wielding a +5 falchion of holy wrath
              (8 damage)
             ... on level 4 of the Dungeon.
             The game lasted 00:08:01 (3698 turns).

Monsterracer the Chopper (Hill Orc Monk)            Turns: 3698, Time: 00:08:03

Health: -1/55      AC:  7    Str: 14    XL:     6   Next: 91%
Magic:  6/8        EV: 14    Int: 10    God:    Okawaru [***...]
Gold:   115        SH:  0    Dex: 15    Spells: 0 memorised, 5 levels left

rFire  . . .     SeeInvis .     p - +0 war axe
rCold  . . .     Gourm    .     b - +0 scale mail
rNeg   . . .     Faith    .     (no shield)
rPois  .         Spirit   .     (no helmet)
rElec  .         Reflect  .     (no cloak)
rCorr  .         Harm     .     (no gloves)
MR     .....                    (no boots)
Stlth  ++........               (no amulet)
                                (no ring)
                                (no ring)

@: heroism
A: no striking features
a: Heroism, Renounce Religion


You were on level 4 of the Dungeon.
You worshipped Okawaru.
Okawaru was most pleased with you.
You were not hungry.

You visited 1 branch of the dungeon, and saw 4 of its levels.

You collected 115 gold pieces.

Inventory:

Hand Weapons
 a - a +0 hand axe
 p - a +0 war axe (weapon)
Armour
 b - a +0 scale mail (worn)
Wands
 l - a wand of confusion (14/48)
Scrolls
 d - 2 scrolls of enchant weapon {unknown}
 e - 4 scrolls of identify
 h - a scroll of magic mapping {unknown}
 j - a scroll of remove curse {unknown}
 k - 2 scrolls of random uselessness {unknown}
 n - a scroll of recharging {unknown}
Potions
 i - a potion of curing
Comestibles
 c - a bread ration
 f - 2 meat rations
 g - 2 royal jellies
 m - 2 slices of pizza
 q - 2 chunks of flesh


   Skills:
 + Level 4.9(9.9) Fighting
 * Level 7.8(12.8) Axes
 + Level 1.3(6.3) Armour
 - Level 3.0(8.0) Dodging
 - Level 1.5(6.5) Stealth
 + Level 2.7 Invocations


You had 5 spell levels left.
You didn't know any spells.

Dungeon Overview and Level Annotations

Branches:
Dungeon (4/15)
 Temple: D:4-7

Altars:
Nemelex Xobeh
Okawaru
Trog
Vehumet
Zin

Annotations:
D:4 Eustachio


Message History

Eustachio casts a spell.
Eustachio blinks!
Eustachio hits you with a falchion of holy wrath.
You barely miss Eustachio.
Eustachio is moderately wounded.
Eustachio hits you with a falchion of holy wrath!
* * * LOW HITPOINT WARNING * * *
You are too injured to fight recklessly!
You are too injured to fight recklessly!
Okay, then.
You gain the combat prowess of a mighty hero.
Eustachio gestures wildly while chanting.
Eustachio blinks!
You barely miss Eustachio.
Eustachio is moderately wounded.
Eustachio hits you with a falchion of holy wrath!
* * * LOW HITPOINT WARNING * * *
You feel better.
Eustachio hits you with a falchion of holy wrath!
You die...

#.# #.# #.# ###
#.# #.. #.# #.#
#.# #.# #.# #.#
####
#.#######.##...#
#..........@@..#
#########.##...#
#.# #.## #.# ...
#.# ### #.. ###


You could see Eustachio.

Vanquished Creatures
  Blork the orc (D:4)
  A howler monkey (D:3)
  An orc priest (D:3)
  An orc wizard (D:3)
  Jessica (D:2)
  Natasha (thrice) (D:2)
  A worker ant (D:3)
  4 adders
  A shadow imp (D:3)
  An ooze (D:1)
  A worm (D:2)
  4 dart slugs
  3 leopard geckos
  3 orcs (D:3)
  6 ball pythons
  5 giant cockroaches
  3 goblins
  8 hobgoblins
  2 jackals (D:1)
  5 kobolds
  3 quokkas
  8 bats
  3 frilled lizards
  11 rats
80 creatures vanquished.

Notes
Turn   | Place    | Note
-------+----------+-------------------------------------------
     0 | D:1      | Monsterracer the Hill Orc Monk began the quest for the Orb.
     0 | D:1      | Reached XP level 1. HP: 19/19 MP: 1/1
    81 | D:1      | Reached XP level 2. HP: 13/26 MP: 2/2
   347 | D:1      | Reached skill level 5 in Axes
   565 | D:1      | Reached XP level 3. HP: 23/31 MP: 3/3
  1215 | D:2      | Reached skill level 6 in Axes
  1223 | D:2      | Found a faded altar of an unknown god.
  1228 | D:2      | Became a worshipper of Warmaster Okawaru
  1228 | D:2      | Reached * piety under Okawaru
  1228 | D:2      | Reached ** piety under Okawaru
  1438 | D:2      | Reached XP level 4. HP: 32/40 MP: 4/4
  1617 | D:2      | Noticed Natasha
  1622 | D:2      | Killed Natasha
  1749 | D:2      | Noticed Natasha
  1758 | D:2      | Killed Natasha
  1758 | D:2      | Reached *** piety under Okawaru
  1758 | D:2      | Reached skill level 1 in Invocations
  1758 | D:2      | Reached XP level 5. HP: 40/46 MP: 5/5
  1912 | D:2      | Found a sparkling altar of Nemelex Xobeh.
  1912 | D:2      | Noticed Jessica
  1921 | D:2      | Killed Jessica
  2091 | D:2      | Noticed Natasha
  2109 | D:2      | Killed Natasha
  2394 | D:2      | Found a radiant altar of Vehumet.
  2522 | D:3      | Reached skill level 7 in Axes
  2522 | D:3      | Reached XP level 6. HP: 36/53 MP: 7/7
  2555 | D:3      | Found a bloodstained altar of Trog.
  2807 | D:3      | Found a glowing silver altar of Zin.
  3290 | D:3      | Reached skill level 1 in Armour
  3515 | D:4      | Noticed Blork the orc
  3529 | D:4      | Killed Blork the orc
  3662 | D:4      | Noticed Eustachio
  3697 | D:4      | HP: 2/55 [Eustachio/falchion of holy wrath (9)]
  3698 | D:4      | Slain by Eustachio

Skill      XL: |  1  2  3  4  5  6 |
---------------+-------------------+-----
Axes           | 5 6 7 |  7.8
Fighting       | 4 |  4.9
Invocations    | 1 2 |  2.7
Dodging        | 3 |  3.0
Armour         | 1 |  1.3
Stealth        | |  1.5

Action                   |  1- 3 |  4- 6 || total
-------------------------+-------+-------++-------
Melee: Hand axe          |   109 |   197 ||   306
       Punch             |       |     3 ||     3
       War axe           |       |    37 ||    37
Invok: Heroism           |       |     5 ||     5
  Use: Potion            |     2 |     3 ||     5
       Scroll            |       |     1 ||     1
 Stab: Sleeping          |     4 |       ||     4
  Eat: Chunk             |     2 |     7 ||     9
Armor: Robe              |    13 |       ||    13
       Ring mail         |     4 |       ||     4
       Scale mail        |     2 |    66 ||    68
Dodge: Dodged            |    76 |   116 ||   192
